 Dungeon Crawl Stone Soup version 0.30-a0-169-g06f667207d (webtiles) character file.

Game seed: 2168508806172211115

142 qw the Chopper (level 5, 0/32 HPs)
             Began as a Gargoyle Fighter on Sept 29, 2022.
             Slain by a water moccasin (5 damage)
             ... on level 3 of the Dungeon.
             The game lasted 00:00:54 (2095 turns).

qw the Chopper (Gargoyle Fighter)                   Turns: 2095, Time: 00:00:55

Health: 0/32       AC: 10    Str: 21 (22) XL:     5   Next: 24%
Magic:  5/5        EV:  9    Int:  5 (8)  God:
Gold:   104        SH:  4    Dex:  6 (9)  Spells: 4/4 levels left

rFire   . . .      SeeInvis .    Y - +0 war axe
rCold   . . .      Faith    .    c - +0 buckler
rNeg    + . .      Spirit   .    b - +0 scale mail
rPois   inf        Reflect  .    (no helmet)
rElec   +          Harm     .    (no cloak)
rCorr   .          Rampage  .    (no gloves)
Will    .....                    (no boots)
Stlth   ..........               (no amulet)
HPRegen 0.10/turn                (no ring)
MPRegen 0.09/turn                (no ring)

@: no status effects
A: sickness immunity, AC +4, negative energy resistance 1, electricity
resistance, torment resistance 1, petrification resistance
a: no special abilities


You were on level 3 of the Dungeon.
You visited 1 branch of the dungeon, and saw 3 of its levels.

You collected 104 gold pieces.


Innate Abilities, Weirdness & Mutations

You are immune to sickness and miasma.
Your stone body is resilient. (AC +4)
You are immune to poison.
You resist negative energy. (rN+)
You are resistant to electric shocks. (rElec)
You are resistant to unholy torment.
You are immune to petrification.


   Skills:
 - Level 3.2 Fighting
 + Level 4.8 Axes
 - Level 3.2 Armour
 - Level 3.2 Shields


You had 4 spell levels left.
You didn't know any spells.
Your spell library was empty.

Inventory:

Hand Weapons
 g - a +0 whip
 Y - a +0 war axe (weapon)
Armour
 b - a +0 scale mail (worn)
 c - a +0 buckler (worn)
Scrolls
 f - 4 scrolls of identify
 j - a scroll of fear {unknown}
Potions
 a - a potion of brilliance {unknown}
 d - a potion of might
 e - a potion of cancellation {unknown}
 h - a potion of curing {unknown}
 i - a potion of attraction

Dungeon Overview and Level Annotations

Branches:
Dungeon (3/15)

Altars:

Shops:
D:1 =


Message History

You barely miss the water moccasin.
The water moccasin is lightly wounded.
The water moccasin bites you but does no damage. x2
You closely miss the water moccasin.
The water moccasin is lightly wounded.
The water moccasin bites you.
The water moccasin bites you but does no damage.
You miss the water moccasin.
The water moccasin is lightly wounded.
The water moccasin barely misses you.
You miss the water moccasin.
The water moccasin is lightly wounded.
The water moccasin bites you but does no damage.
The water moccasin bites you.
You closely miss the water moccasin.
The water moccasin is lightly wounded.
The water moccasin bites you but does no damage. x2
You barely miss the water moccasin.
The water moccasin is lightly wounded.
The water moccasin bites you!
The water moccasin bites you but does no damage.
You slash the water moccasin!
The water moccasin is heavily wounded.
You block the water moccasin's attack.
The water moccasin bites you but does no damage.
You miss the water moccasin.
The water moccasin is heavily wounded.
The water moccasin bites you!
The water moccasin completely misses you.
You completely miss the water moccasin.
The water moccasin is heavily wounded.
The water moccasin bites you but does no damage.
You slash the water moccasin!
The water moccasin is almost dead.
The water moccasin bites you but does no damage.
You block the water moccasin's attack.
You hit the water moccasin but do no damage.
The water moccasin is almost dead.
The water moccasin bites you.
You die...

##.P #... ##### #....
#..#. # #... .# ###.
###.##### #### #.
#@S...... ..# #.
#####.#.##### #.# #.
#.....# # #.###.
#.##### #..##. ##.#
##.#.#.
#..#####.########[###..
#................## ##.
#..####.........## ##
#..# ..######.## ##.


You could see a water moccasin.

Vanquished Creatures
  A howler monkey (D:2)
  4 adders
  A dart slug (D:1)
  9 ball pythons
  5 bats
  8 endoplasms
  2 giant cockroaches (D:1)
  4 goblins
  5 hobgoblins
  2 jackals (D:2)
  7 quokkas
  4 frilled lizards
  7 kobolds
  3 rats
62 creatures vanquished.

Notes
Turn   | Place    | Note
-------+----------+-------------------------------------------
     0 | D:1      | qw the Gargoyle Fighter began the quest for the Orb.
     0 | D:1      | Reached XP level 1. HP: 14/14 MP: 1/1
     0 | D:1      | 0 ||| qw: Version: 0.2-a-12-gaebbb33
     0 | D:1      | 0 ||| qw: Game counter: 1272
     0 | D:1      | 0 ||| qw: Always use a shield: true
     0 | D:1      | 0 ||| qw: God list: Okawaru
     0 | D:1      | 0 ||| qw: Allow faded altars: false
     0 | D:1      | 0 ||| qw: Do Orc after D:15 true
     0 | D:1      | 0 ||| qw: Do second Lair branch before Depths: true
     0 | D:1      | 0 ||| qw: Lair rune preference: random
     0 | D:1      | 0 ||| qw: Plans: Normal, Zot:1-4, God:TSO, Crypt, Tomb,
                  | Pan, Slime:5, Hells, Abyss, Orb
     0 | D:1      | 0 ||| PLANNING D:1-11
   115 | D:1      | Reached skill level 2 in Axes
   135 | D:1      | 135 ||| Stepping ~*~*~tactically~*~*~ (stealth).
   148 | D:1      | 148 ||| Stepping ~*~*~tactically~*~*~ (stealth).
   216 | D:1      | 216 ||| Stepping ~*~*~tactically~*~*~ (stealth).
   225 | D:1      | Reached XP level 2. HP: 19/19 MP: 2/2
   259 | D:1      | 259 ||| DROPPING +0 club.
   268 | D:1      | 268 ||| Stepping ~*~*~tactically~*~*~ (stealth).
   594 | D:1      | 594 ||| Stepping ~*~*~tactically~*~*~ (stealth).
   614 | D:1      | Reached skill level 3 in Axes
   617 | D:1      | Reached XP level 3. HP: 23/23 MP: 3/3
   941 | D:1      | Found Ruoli's Jewellery Shop.
   949 | D:1      | 949 ||| SHOPLISTING +6 ring of dexterity (504 gold, have
                  | 29).
   949 | D:1      | 949 ||| SHOPLISTING +6 ring of strength (504 gold, have
                  | 29).
   949 | D:1      | 949 ||| SHOPLISTING amulet of guardian spirit (420 gold,
                  | have 29).
   949 | D:1      | 949 ||| SHOPLISTING amulet of regeneration (420 gold, have
                  | 29).
   949 | D:1      | 949 ||| SHOPLISTING ring of willpower (350 gold, have 29).
  1003 | D:1      | 1003 ||| Stepping ~*~*~tactically~*~*~ (stealth).
  1091 | D:1      | 1091 ||| READING scroll labelled ISIKEVEREP.
  1092 | D:1      | 1092 ||| READING scroll labelled HURHIURCH XUERA.
  1093 | D:1      | 1093 ||| READING 2 scrolls labelled ADU JOWUOSKAST.
  1094 | D:1      | 1094 ||| READING scroll labelled JUSCHO QEFU.
  1095 | D:1      | 1095 ||| DROPPING scroll of poison.
  1283 | D:2      | Reached XP level 4. HP: 25/28 MP: 4/4
  1342 | D:2      | Reached skill level 4 in Axes
  1350 | D:2      | Reached XP level 5. HP: 29/32 MP: 5/5
  1397 | D:2      | 1397 ||| Stepping ~*~*~tactically~*~*~ (stealth).
  1399 | D:2      | 1399 ||| Stepping ~*~*~tactically~*~*~ (stealth).
  1400 | D:2      | 1400 ||| Stepping ~*~*~tactically~*~*~ (stealth).
  1401 | D:2      | 1401 ||| Stepping ~*~*~tactically~*~*~ (stealth).
  1578 | D:2      | 1578 ||| Stepping ~*~*~tactically~*~*~ (stealth).
  1600 | D:2      | 1600 ||| Stepping ~*~*~tactically~*~*~ (stealth).
  1678 | D:2      | Found a faded altar of an unknown god.
  1694 | D:2      | 1694 ||| DRINKING 2 inky potions.
  1695 | D:2      | 1695 ||| DRINKING 2 gluggy clear potions.
  1696 | D:2      | 1696 ||| DROPPING potion of degeneration.
  1826 | D:3      | 1826 ||| Stepping ~*~*~tactically~*~*~ (stealth).
  2035 | D:3      | 2035 ||| Stepping ~*~*~tactically~*~*~ (stealth).
  2078 | D:3      | Noticed a water moccasin
  2092 | D:3      | HP: 4/32 [water moccasin (8)]
  2095 | D:3      | Slain by a water moccasin

Levels and vault maps discovered:
D:1:      nzn_arrival_water_spiral, layout_basic, serial_shops, shop
D:2:      layout_rooms, hellmonk_ecumenical_altar_zigzags
D:3:      layout_loops_ring, serial_aquarium, aquarium_bridge_straight
          [aquarium_subvault_bridge, aquarium_subvault_wall,
          aquarium_subvault_bridge, aquarium_subvault_window],
          aquarium_window_2, aquarium_window_fake, aquarium_window_fake,
          aquarium_window_double, aquarium_view_2d, aquarium_view_2d,
          ebering_dispersal_statue_hall

Skill      XL: |  1  2  3  4 |
---------------+-------------+-----
Axes           | 2 3 4 |  4.8
Fighting       | |  3.2
Armour         | |  3.2
Shields        | |  3.2

Action                   |  1- 3 |  4- 6 || total
-------------------------+-------+-------++-------
Melee: War axe           |    94 |    77 ||   171
  Use: Scroll            |     4 |       ||     4
       Potion            |       |     2 ||     2
 Stab: Distracted        |     1 |       ||     1
Armor: Scale mail        |    54 |    49 ||   103
Dodge: Dodged            |    40 |    29 ||    69
Block: Buckler           |    15 |    14 ||    29

Table legend:
 A = Non-vault XP
 B = Vault XP
 C = Vault XP percentage of total XP
 D = Non-vault monster count
 E = Vault monster count
 F = Vault count percentage of total count
                 A         B        C        D         E       F
            +---------+---------+-------+---------+---------+-------
      Total |     203 |       0 |   0.0 |      62 |       0 |   0.0
            +---------+---------+-------+---------+---------+-------
        D:1 |      54 |       0 |   0.0 |      31 |       0 |   0.0
        D:2 |     121 |       0 |   0.0 |      20 |       0 |   0.0
        D:3 |      28 |       0 |   0.0 |      11 |       0 |   0.0
            +---------+---------+-------+---------+---------+-------
